 Dungeon Crawl Stone Soup version 0.17-a0-1719-g1afd5a1 (webtiles) character file.

210 shakdrar the Ruffian (level 5, -7/47 HPs)
             Began as a Draconian Monk on Aug 28, 2015.
             Mangled by Baka's ghost (12 damage)
             ... on level 4 of the Dungeon.
             The game lasted 00:11:28 (2519 turns).

shakdrar the Ruffian (Draconian Monk)               Turns: 2519, Time: 00:11:28

Health: -7/47      AC:  6    Str: 15    XL:     5   Next: 56%
Magic:  4/4        EV: 14    Int: 10    God:
Gold:   185        SH:  0    Dex: 13    Spells: 0 memorised, 4 levels left

rFire  . . .     SeeInvis .       - Unarmed
rCold  . . .     Rnd*Rage +     (armour unavailable)
rNeg   . . .     SustAt   .     (no shield)
rPois  .         Gourm    .     (helmet restricted)
rElec  +         Spirit   .     d - +0 cloak
rCorr  .         Warding  .     (no gloves)
rMut   .         Stasis   .     (no boots)
MR     .....                    (no amulet)
Stlth  ++........               (no ring)
                                (no ring)

@: not resistant to hostile enchantments, unstealthy
A: unfitting armour, berserk 1, low mp 1, electricity resistance, cold-blooded,
AC +5
a: no special abilities


You were on level 4 of the Dungeon.
You were not hungry.

You visited 1 branch of the dungeon, and saw 4 of its levels.

You collected 185 gold pieces.

Inventory:

Hand weapons
 i - a +0 blowgun
Missiles
 f - 26 poisoned needles
Armour
 d - a +0 cloak (worn)
Jewellery
 g - a cursed -4 ring of strength {unknown}
Scrolls
 b - 4 scrolls of remove curse
Potions
 e - a potion of mutation
 h - a potion of curing
Comestibles
 a - 2 bread rations
 c - a meat ration


   Skills:
 + Level 4.3 Fighting
 + Level 4.1 Dodging
 + Level 2.3 Stealth
 + Level 5.0 Unarmed Combat


You had 4 spell levels left.
You didn't know any spells.

Dungeon Overview and Level Annotations

Branches:
Dungeon (4/15)
 Temple: D:4-7

Altars:

Annotations:
D:4 Baka's ghost, average DEFE


Innate Abilities, Weirdness & Mutations

Your plain brown scales are hard (AC +5).
Your body does not fit into most forms of armour.
You are cold-blooded and may be slowed by cold attacks.
You tend to lose your temper in combat.
Your magical capacity is low (-10% MP).
You are resistant to electric shocks.


Message History

Baka's ghost closely misses you.
A ball python comes into view.
You barely miss Baka's ghost.
Baka's ghost is almost destroyed.
Baka's ghost hits you but does no damage.
You closely miss Baka's ghost.
Baka's ghost is almost destroyed.
Baka's ghost hits you!
* * * LOW HITPOINT WARNING * * *
You hit Baka's ghost.
Your tail-slap misses Baka's ghost.
Baka's ghost is almost destroyed.
Baka's ghost hits you!
* * * LOW HITPOINT WARNING * * *
Drink which item? (? for menu, Esc to quit)
You feel better. Baka's ghost hits you.
* * * LOW HITPOINT WARNING * * *
You barely miss Baka's ghost.
Baka's ghost is almost destroyed.
Baka's ghost hits you!
You die...

### ..# #S#
#r# #W# #@#
#ยง### #.#.##
#....##
##....##
###...#
##..##########
#...........#
#....####.<.#


You could see Baka's ghost, a ball python and a rat.

Vanquished Creatures
  An orc wizard (D:3)
  An iguana (D:3)
  3 gnolls (D:2)
  3 adders
  2 oozes
  A worm (D:3)
  3 giant geckos
  4 orcs (D:3)
  4 giant cockroaches
  11 goblins
  10 hobgoblins
  4 jackals (D:3)
  12 kobolds
  A quokka (D:3)
  A ball python (D:2)
  8 bats
  2 giant newts
  8 rats
79 creatures vanquished.

Notes
Turn   | Place    | Note
--------------------------------------------------------------
     0 | D:1      | shakdrar the Draconian Monk began the quest for the Orb.
     0 | D:1      | Reached XP level 1. HP: 19/19 MP: 1/1
    70 | D:1      | Reached XP level 2. HP: 24/26 MP: 2/2
   714 | D:2      | Reached XP level 3. HP: 31/31 MP: 3/3
   819 | D:2      | Found a faded altar to an unknown god.
   844 | D:2      | Reached XP level 4. HP: 15/40 MP: 4/4
  1249 | D:2      | Gained mutation: You are resistant to electric shocks. [potion of mutation]
  1249 | D:2      | Gained mutation: Your magical capacity is low (-10% MP). [potion of mutation]
  1249 | D:2      | Gained mutation: You tend to lose your temper in combat. [potion of mutation]
  1626 | D:3      | Reached XP level 5. HP: 41/46 MP: 4/4
  1842 | D:3      | Reached skill level 5 in Unarmed Combat
  2498 | D:4      | Noticed Baka's ghost (average DEFE)
  2517 | D:4      | HP: 2/47 [Baka's ghost (12)]
  2519 | D:4      | Mangled by Baka's ghost

Vault maps used:
D:1:      zelgadis_glass_arrival_small
D:2:      first_bread, ecumenical_altar_2, kennysheep_generic_room_12
D:3:      lemuel_another_geyser
D:4:      minmay_temple_entry_purple_smoke, portal_sewer_entry_b

Action                   |  1- 3 |  4- 6 || total
-------------------------+-------+-------++-------
Melee: Unarmed           |    97 |   190 ||   287
  Use: Scroll            |     6 |     5 ||    11
       Potion            |     3 |     4 ||     7
 Stab: Sleeping          |     2 |     1 ||     3
       Distracted        |       |     1 ||     1
  Eat: Chunk             |       |     2 ||     2
       Beef jerky        |       |     1 ||     1
       Bread ration      |       |     1 ||     1
